Coyotes vs Flames
Created - 10 décembre 2014 at 21:19
Goals
|
Coyotes |
1 |
0 |
2 |
3 |
Flames |
1 |
1 |
0 |
2 |
|
Shots
|
Coyotes |
4 |
11 |
9 |
24 |
Flames |
13 |
13 |
12 |
38 |
|
1st period
1. Flames , Tomas Kaberle 3 (Mark Bell, Michal Handzus) at 4:58
2. Coyotes , Marian Gaborik 18 (Chris Stewart) at 7:26
Penalties :
Jordin Tootoo (Cal) for Roughing (Minor) at 0:44, Tyler Ennis (Ari) for Holding (Minor) at 9:43, Erik Cole (Ari) for Interference (Minor) at 15:53
2nd period
3. Flames , David Backes 16 (Eric Staal, Alexander Semin) at 3:04
Penalties :
David Backes (Cal) for Hooking (Minor) at 16:36
3rd period
4. Coyotes , Sami Kapanen 5 (Brian Rafalski, Tim Connolly) at 6:45 (PP)
5. Coyotes , Tyler Ennis 8 (Kurt Sauer, Tim Connolly) at 8:44
Penalties :
David Backes (Cal) for Hooking (Minor) at 2:21, Mikhail Grabovski (Cal) for Roughing (Minor) at 6:39, Steve Eminger (Cal) for Roughing (Minor) at 13:23, Kurt Sauer (Ari) for Roughing (Minor) at 17:36
Goalie Stats
Ryan Miller (Ari), 36 saves from 38 shots - (0,947), W, 17-5-5, 60:00 minutes
Pekka Rinne (Cal), 21 saves from 24 shots - (0,875), L, 14-9-3, 60:00 minutes
Players Stats for Coyotes
Player Name G A P +/- PIM S H SB GA TA FO MP PP MP PK MP
------------------------------------------------------------------------------------
Andy Sutton 0 0 0 -1 0 0 2 0 0 0 0/0 16:28 0:00 2:52
Anton Stralman 0 0 0 1 0 0 1 2 1 1 0/0 21:13 4:34 0:51
Boyd Devereaux 0 0 0 -1 0 1 0 0 0 0 3/9 13:59 0:00 2:30
Brian Rafalski 0 1 1 1 0 0 3 0 0 1 0/0 19:18 3:28 0:51
Chad Larose 0 0 0 -1 0 0 3 1 1 0 0/0 14:32 0:00 3:05
Chris Stewart 0 1 1 -1 0 1 0 1 0 0 2/2 16:00 3:30 0:00
Denis Grebeshkov 0 0 0 0 0 0 1 0 0 0 0/0 24:22 4:34 1:44
Drew Miller 0 0 0 -1 0 3 1 1 2 0 2/5 15:53 0:00 3:08
Erik Christensen 0 0 0 0 0 0 0 0 1 0 0/3 12:11 3:30 0:50
Erik Cole 0 0 0 -1 2 1 0 0 1 0 0/0 12:33 0:00 1:26
Frans Nielsen 0 0 0 -1 0 5 1 0 0 0 7/13 15:57 3:30 0:00
Jiri Fischer 0 0 0 -1 0 2 1 1 0 1 0/0 16:20 0:00 3:22
Kurt Sauer 0 1 1 0 2 2 0 1 0 1 0/0 18:50 0:00 2:14
Marian Gaborik 1 0 1 2 0 3 5 1 1 0 1/1 18:49 4:32 0:00
Sami Kapanen 1 0 1 0 0 2 2 0 0 0 0/0 11:18 3:28 0:00
Shawn Thornton 0 0 0 0 0 0 1 0 0 0 0/0 8:45 0:00 0:55
Tim Connolly 0 2 2 2 0 2 1 0 1 0 16/27 18:28 4:32 0:00
Tyler Ennis 1 0 1 2 2 2 1 1 0 1 1/3 19:04 4:32 0:00
Players Stats for Flames
Player Name G A P +/- PIM S H SB GA TA FO MP PP MP PK MP
------------------------------------------------------------------------------------
Alexander Semin 0 1 1 0 0 7 3 0 0 1 1/1 21:21 3:07 1:50
Branko Radivojevic 0 0 0 0 0 1 1 0 0 0 0/0 7:30 0:09 0:00
David Backes 1 0 1 0 4 5 2 0 0 1 1/3 20:45 3:07 1:10
Derek Meech 0 0 0 1 0 1 1 1 0 1 0/0 12:23 0:00 3:19
Eric Staal 0 1 1 0 0 3 2 0 0 0 16/36 22:30 3:07 2:56
Erik Johnson 0 0 0 1 0 3 1 3 0 1 0/0 22:26 3:07 3:22
Filip Kuba 0 0 0 -2 0 0 0 1 1 0 0/0 21:09 2:50 0:56
Jordin Tootoo 0 0 0 1 2 4 0 0 0 0 0/0 12:27 0:00 0:47
Marcel Goc 0 0 0 -1 0 1 2 0 0 0 3/4 11:13 0:09 0:11
Mark Bell 0 1 1 1 0 2 1 0 0 0 0/0 14:19 2:41 0:00
Michal Handzus 0 1 1 1 0 2 2 0 1 1 9/17 19:01 2:41 4:39
Mike Leclerc 0 0 0 0 0 1 0 0 1 0 0/0 12:07 0:09 4:31
Mikhail Grabovski 0 0 0 0 2 1 0 0 0 0 1/2 6:59 0:00 0:00
Milan Hejduk 0 0 0 -1 0 1 1 0 0 0 0/0 13:10 2:41 0:00
Ron Hainsey 0 0 0 1 0 0 0 0 1 1 0/0 19:02 2:50 4:49
Steve Eminger 0 0 0 -2 2 3 1 2 0 1 0/0 24:25 0:00 3:38
Steve Regier 0 0 0 -1 0 1 1 0 0 0 0/0 10:29 0:00 0:00
Tomas Kaberle 1 0 1 1 0 2 2 1 1 1 0/0 20:37 3:07 0:00
3 Stars
1 - Marian Gaborik (Ari)
2 - Tim Connolly (Ari)
3 - Tomas Kaberle (Cal)
Power Play
Coyotes - 1 on 5 Attempt(s) - 20,00%
Flames - 0 on 3 Attempt(s) - 0,00%
Penalty Kill
Coyotes - 3 on 3 Attempt(s) - 100,00%
- Score 0 goal in Penalty Kill
Flames - 4 on 5 Attempt(s) - 80,00%
- Score 0 goal in Penalty Kill
Official
Referees : Lee Chris and StLaurent Francois
Linesman : Bryan Pancich and Darren Gibbs
Game Notes
No Game Note
Finance
Level 1 -- Attendance: 4118 (68,63%) -- Ticket Income 391 210 $
Level 2 -- Attendance: 3128 (62,56%) -- Ticket Income 212 704 $
Level 3 -- Attendance: 1281 (64,05%) -- Ticket Income 51 240 $
Level 4 -- Attendance: 2099 (52,48%) -- Ticket Income 62 970 $
Luxury Box -- Attendance: 590 (59,00%) -- Ticket Income 132 750 $
Game was played at the Metal Center
Total Attendance: 11216 (62,31%)
Total Ticket Income: 850 874 $
Other Income: 127 631 $
Total Income: 978 505 $
Coyotes
5 vs 5 Forward
Center Left Wing Right Wing Time % Phy DF OF
1 Tim Connolly Tyler Ennis Marian Gaborik 32 0 1 4
2 Frans Nielsen Drew Miller Chris Stewart 30 0 2 3
3 Boyd Devereaux Erik Cole Chad Larose 22 2 2 1
4 Erik Christensen Shawn Thornton Sami Kapanen 16 2 1 2
5 vs 5 Defense
Defense Defense Time % Phy DF OF
1 Denis Grebeshkov Kurt Sauer 38 0 3 2
2 Brian Rafalski Anton Stralman 34 1 2 2
3 Andy Sutton Jiri Fischer 27 2 3 0
4 Anton Stralman Denis Grebeshkov 1 1 1 3
PowerPlay Forward
Center Left Wing Right Wing Time % Phy DF OF
1 Tim Connolly Tyler Ennis Marian Gaborik 57 0 0 5
2 Frans Nielsen Erik Christensen Chris Stewart 43 0 0 5
PowerPlay Defense
Defense Defense Time % Phy DF OF
1 Denis Grebeshkov Anton Stralman 57 0 0 5
2 Brian Rafalski Sami Kapanen 43 0 0 5
Penalty Kill 4 Players Forward
Center Wing Time % Phy DF OF
1 Drew Miller Chad Larose 56 0 5 0
2 Boyd Devereaux Erik Cole 44 0 5 0
Penalty Kill 4 Players Defense
Defense Defense Time % Phy DF OF
1 Kurt Sauer Jiri Fischer 56 0 5 0
2 Andy Sutton Denis Grebeshkov 44 0 5 0
Penalty Kill - 3 Players Forward
Forward Time % Phy DF OF
1 Drew Miller 53 0 5 0
2 Chad Larose 47 0 5 0
Penalty Kill - 3 Players Defense
Defense Defense Time % Phy DF OF
1 Jiri Fischer Kurt Sauer 53 0 5 0
2 Andy Sutton Denis Grebeshkov 47 0 5 0
4 vs 4 Forward
Center Wing Time % Phy DF OF
1 Tim Connolly Marian Gaborik 52 0 1 4
2 Frans Nielsen Drew Miller 48 0 2 3
4 vs 4 Defense
Defense Defense Time % Phy DF OF
1 Kurt Sauer Brian Rafalski 52 1 2 2
2 Denis Grebeshkov Jiri Fischer 48 1 2 2
Last Minutes Offensive
Center Left Wing Right Wing Defense Defense
Tim Connolly Tyler Ennis Marian Gaborik Denis Grebeshkov Anton Stralman
Last Minutes Defensive
Center Left Wing Right Wing Defense Defense
Boyd Devereaux Drew Miller Chad Larose Kurt Sauer Jiri Fischer
Goaltenders
Starting : Ryan Miller
Backup : Marc Denis
Extra Forwards
Normal : Marian Gaborik, Tyler Ennis, Chris Stewart - PP : Marian Gaborik, Chris Stewart - PK : Drew Miller
Extra Defensemen
Normal : Denis Grebeshkov, Kurt Sauer, Anton Stralman - PP : Denis Grebeshkov - PK : Jiri Fischer, Kurt Sauer
Penalty Shots
Marian Gaborik, Tyler Ennis, Boyd Devereaux, Drew Miller, Tim Connolly
Flames
5 vs 5 Forward
Center Left Wing Right Wing Time % Phy DF OF
1 Eric Staal Alexander Semin David Backes 40 1 2 2
2 Michal Handzus Mark Bell Jordin Tootoo 30 1 2 2
3 Marcel Goc Steve Regier Milan Hejduk 20 1 2 2
4 Mikhail Grabovski Mike Leclerc Branko Radivojevic 10 1 2 2
5 vs 5 Defense
Defense Defense Time % Phy DF OF
1 Filip Kuba Steve Eminger 40 1 2 2
2 Tomas Kaberle Erik Johnson 30 1 2 2
3 Derek Meech Ron Hainsey 20 1 2 2
4 Tomas Kaberle Steve Eminger 10 1 2 2
PowerPlay Forward
Center Left Wing Right Wing Time % Phy DF OF
1 Eric Staal Alexander Semin David Backes 60 1 2 2
2 Michal Handzus Mark Bell Milan Hejduk 40 1 2 2
PowerPlay Defense
Defense Defense Time % Phy DF OF
1 Tomas Kaberle Erik Johnson 60 1 2 2
2 Filip Kuba Ron Hainsey 40 1 2 2
Penalty Kill 4 Players Forward
Center Wing Time % Phy DF OF
1 Michal Handzus Mike Leclerc 60 1 3 1
2 Eric Staal Jordin Tootoo 40 1 3 1
Penalty Kill 4 Players Defense
Defense Defense Time % Phy DF OF
1 Ron Hainsey Steve Eminger 60 1 3 1
2 Derek Meech Erik Johnson 40 1 3 1
Penalty Kill - 3 Players Forward
Forward Time % Phy DF OF
1 Eric Staal 60 1 4 0
2 Mike Leclerc 40 1 4 0
Penalty Kill - 3 Players Defense
Defense Defense Time % Phy DF OF
1 Ron Hainsey Steve Eminger 60 1 4 0
2 Filip Kuba Erik Johnson 40 1 4 0
4 vs 4 Forward
Center Wing Time % Phy DF OF
1 Eric Staal Alexander Semin 60 1 2 2
2 Michal Handzus David Backes 40 1 2 2
4 vs 4 Defense
Defense Defense Time % Phy DF OF
1 Filip Kuba Steve Eminger 60 1 2 2
2 Tomas Kaberle Erik Johnson 40 1 2 2
Last Minutes Offensive
Center Left Wing Right Wing Defense Defense
Eric Staal Alexander Semin David Backes Filip Kuba Steve Eminger
Last Minutes Defensive
Center Left Wing Right Wing Defense Defense
Eric Staal Alexander Semin David Backes Filip Kuba Steve Eminger
Goaltenders
Starting : Pekka Rinne
Backup : Craig Anderson
Extra Forwards
Normal : Alexander Semin, Jordin Tootoo, Michal Handzus - PP : Mark Bell, Milan Hejduk - PK : David Backes
Extra Defensemen
Normal : Erik Johnson, Tomas Kaberle, Derek Meech - PP : Tomas Kaberle - PK : Erik Johnson, Filip Kuba
Penalty Shots
Alexander Semin, Eric Staal, David Backes, Milan Hejduk, Mark Bell
% Time on Ice - Coyotes
Lines # - Real PCT - Wanted PCT - Time Play
Normal Forward
1 - 31% - 32% - 14:12
2 - 27% - 30% - 12:27
3 - 24% - 22% - 11:08
4 - 17% - 16% - 7:50
Normal Defense
1 - 39% - 38% - 17:41
2 - 34% - 34% - 15:22
3 - 28% - 27% - 12:34
4 - 0% - 1% - 0:00
PP Forward
1 - 56% - 57% - 4:32
2 - 44% - 43% - 3:30
PP Defense
1 - 57% - 57% - 4:34
2 - 43% - 43% - 3:28
PK Forward
1 - 59% - 56% - 3:31
2 - 41% - 44% - 2:26
PK Defense
1 - 71% - 56% - 4:13
2 - 29% - 44% - 1:44
PK3 Forward
1 - 0% - 53%
2 - 0% - 47%
PK3 Defense
1 - 0% - 53%
2 - 0% - 47%
44 Forward
1 - 0% - 52%
2 - 0% - 48%
44 Defense
1 - 0% - 52%
2 - 0% - 48%
Last Minute Offensive - 0:00
Last Minute Defensive - 0:24
Total
Forward - 60:00
Defense - 60:00
|
% Time on Ice - Flames
Lines # - Real PCT - Wanted PCT - Time Play
Normal Forward
1 - 36% - 40% - 16:45
2 - 25% - 30% - 11:41
3 - 23% - 20% - 10:29
4 - 15% - 10% - 7:00
Normal Defense
1 - 43% - 40% - 19:33
2 - 34% - 30% - 15:29
3 - 20% - 20% - 9:02
4 - 4% - 10% - 1:51
PP Forward
1 - 55% - 60% - 3:16
2 - 45% - 40% - 2:41
PP Defense
1 - 52% - 60% - 3:07
2 - 48% - 40% - 2:50
PK Forward
1 - 79% - 60% - 6:21
2 - 21% - 40% - 1:41
PK Defense
1 - 72% - 60% - 5:45
2 - 28% - 40% - 2:17
PK3 Forward
1 - 0% - 60%
2 - 0% - 40%
PK3 Defense
1 - 0% - 60%
2 - 0% - 40%
44 Forward
1 - 0% - 60%
2 - 0% - 40%
44 Defense
1 - 0% - 60%
2 - 0% - 40%
Last Minute Offensive - 0:06
Last Minute Defensive - 0:00
Total
Forward - 60:00
Defense - 60:00
|
Play by Play
1st period
0:01 of 1st period - Tim Connolly wins face-off versus Eric Staal in neutral zone.
0:44 of 1st period - Minor Penalty to Jordin Tootoo for Roughing.
0:45 of 1st period - Michal Handzus wins face-off versus Tim Connolly in Flames zone.
1:18 of 1st period - Snap shot by Chris Stewart.
1:18 of 1st period - Stopped by Pekka Rinne without a rebound.
1:19 of 1st period - Eric Staal wins face-off versus Tim Connolly in Flames zone.
2:08 of 1st period - Snap shot by Marian Gaborik.
2:08 of 1st period - Deflect By Tim Connolly.
2:08 of 1st period - Shot Misses the Net.
2:08 of 1st period - Puck is out of play.
2:09 of 1st period - Chris Stewart wins face-off versus Michal Handzus in Flames zone.
2:20 of 1st period - Snap shot by Frans Nielsen.
2:20 of 1st period - Stopped by Pekka Rinne with a rebound.
2:44 of 1st period - Penalty to Jordin Tootoo is over, Jordin Tootoo is back on ice.
2:52 of 1st period - Jiri Fischer is hit by Steve Eminger and loses puck.
3:09 of 1st period - Steve Eminger is hit by Chad Larose and loses puck.
4:12 of 1st period - Wrist shot by Marcel Goc.
4:12 of 1st period - Shot Hit the Post.
4:16 of 1st period - Snap shot by Marcel Goc.
4:16 of 1st period - Shot Blocked by Chad Larose.
4:18 of 1st period - Snap shot by Marcel Goc.
4:18 of 1st period - Shot Misses the Net.
4:20 of 1st period - Slapshot by Steve Eminger.
4:20 of 1st period - Stopped by Ryan Miller without a rebound.
4:21 of 1st period - Tim Connolly wins face-off versus Eric Staal in Coyotes zone.
4:50 of 1st period - Snap shot by Jordin Tootoo.
4:50 of 1st period - Stopped by Ryan Miller without a rebound.
4:51 of 1st period - Michal Handzus wins face-off versus Frans Nielsen in Coyotes zone.
4:56 of 1st period - Slapshot by Mark Bell.
4:56 of 1st period - Stopped by Ryan Miller with a rebound.
4:58 of 1st period - Snap shot by Tomas Kaberle.
4:58 of 1st period - Goal by Tomas Kaberle - Coyotes : 0 - Flames : 1.
4:59 of 1st period - Frans Nielsen wins face-off versus Eric Staal in neutral zone.
5:10 of 1st period - Snap shot by Frans Nielsen.
5:10 of 1st period - Stopped by Pekka Rinne without a rebound.
5:11 of 1st period - Eric Staal wins face-off versus Tim Connolly in Flames zone.
5:59 of 1st period - Snap shot by Jordin Tootoo.
5:59 of 1st period - Stopped by Ryan Miller without a rebound.
6:00 of 1st period - Chris Stewart wins face-off versus Michal Handzus in Coyotes zone.
6:25 of 1st period - Derek Meech is hit by Marian Gaborik and loses puck.
7:26 of 1st period - Slapshot by Marian Gaborik.
7:26 of 1st period - Goal by Marian Gaborik - Coyotes : 1 - Flames : 1.
7:27 of 1st period - Tim Connolly wins face-off versus Eric Staal in neutral zone.
8:17 of 1st period - Mark Bell is hit by Jiri Fischer and loses puck.
8:34 of 1st period - Slapshot by Drew Miller.
8:34 of 1st period - Shot Misses the Net.
8:39 of 1st period - Off-side.
8:40 of 1st period - Eric Staal wins face-off versus Tim Connolly in neutral zone.
8:57 of 1st period - David Backes is hit by Tim Connolly.
9:04 of 1st period - Icing by Marian Gaborik.
9:05 of 1st period - Tim Connolly wins face-off versus Mikhail Grabovski in Coyotes zone.
9:21 of 1st period - Wrist shot by Branko Radivojevic.
9:21 of 1st period - Stopped by Ryan Miller without a rebound.
9:22 of 1st period - Tim Connolly wins face-off versus Eric Staal in Coyotes zone.
9:43 of 1st period - Minor Penalty to Tyler Ennis for Holding.
9:44 of 1st period - Drew Miller wins face-off versus David Backes in Coyotes zone.
9:44 of 1st period - Drew Miller is hit by David Backes.
10:12 of 1st period - Slapshot by Michal Handzus.
10:12 of 1st period - Stopped by Ryan Miller with a rebound.
10:14 of 1st period - Slapshot by Erik Johnson.
10:14 of 1st period - Stopped by Ryan Miller without a rebound.
10:15 of 1st period - Michal Handzus wins face-off versus Drew Miller in Coyotes zone.
11:04 of 1st period - Wrist shot by Boyd Devereaux.
11:04 of 1st period - Shot Misses the Net.
11:10 of 1st period - Denis Grebeshkov is hit by Milan Hejduk and loses puck.
11:43 of 1st period - Penalty to Tyler Ennis is over, Tyler Ennis is back on ice.
11:51 of 1st period - Mike Leclerc is hit by Tyler Ennis and loses puck.
11:58 of 1st period - Slapshot by Erik Johnson.
11:58 of 1st period - Stopped by Ryan Miller without a rebound.
11:59 of 1st period - Marcel Goc wins face-off versus Erik Christensen in Coyotes zone.
12:04 of 1st period - Snap shot by Marcel Goc.
12:04 of 1st period - Shot Misses the Net.
12:06 of 1st period - Snap shot by Steve Regier.
12:06 of 1st period - Shot Misses the Net.
12:08 of 1st period - Slapshot by Filip Kuba.
12:08 of 1st period - Shot Misses the Net.
12:37 of 1st period - Snap shot by Jordin Tootoo.
12:37 of 1st period - Shot Misses the Net.
12:39 of 1st period - Wrist shot by Michal Handzus.
12:39 of 1st period - Stopped by Ryan Miller with a rebound.
13:01 of 1st period - Drew Miller is hit by Alexander Semin.
13:05 of 1st period - Frans Nielsen is hit by Eric Staal and loses puck.
13:44 of 1st period - Denis Grebeshkov is hit by Michal Handzus and loses puck.
14:29 of 1st period - Snap shot by Milan Hejduk.
14:29 of 1st period - Deflect By Denis Grebeshkov.
14:29 of 1st period - Stopped by Ryan Miller with a rebound.
14:31 of 1st period - Wrist shot by Steve Eminger.
14:31 of 1st period - Deflect By Steve Regier.
14:31 of 1st period - Shot Misses the Net.
14:31 of 1st period - Puck is out of play.
14:32 of 1st period - Boyd Devereaux wins face-off versus Eric Staal in Coyotes zone.
15:02 of 1st period - Jordin Tootoo is hit by Marian Gaborik and loses puck.
15:19 of 1st period - Snap shot by Mike Leclerc.
15:19 of 1st period - Shot Blocked by Jiri Fischer.
15:27 of 1st period - Erik Johnson is hit by Andy Sutton and loses puck.
15:46 of 1st period - Slapshot by Tomas Kaberle.
15:46 of 1st period - Deflect By Erik Cole.
15:46 of 1st period - Stopped by Ryan Miller with a rebound.
15:49 of 1st period - Icing by Denis Grebeshkov.
15:50 of 1st period - Eric Staal wins face-off versus Boyd Devereaux in Coyotes zone.
15:51 of 1st period - Snap shot by David Backes.
15:51 of 1st period - Stopped by Ryan Miller with a rebound.
15:53 of 1st period - Minor Penalty to Erik Cole for Interference.
15:54 of 1st period - Drew Miller wins face-off versus Eric Staal in Coyotes zone.
17:53 of 1st period - Penalty to Erik Cole is over, Erik Cole is back on ice.
18:06 of 1st period - Mikhail Grabovski is hit by Andy Sutton and loses puck.
18:25 of 1st period - Milan Hejduk is hit by Brian Rafalski and loses puck.
19:13 of 1st period - Tomas Kaberle is hit by Shawn Thornton and loses puck.
Goals for this period are 1 for Coyotes vs 1 for Flames.
Shots for this period are 4 for Coyotes vs 13 for Flames.
2nd period
0:01 of 2nd period - Eric Staal wins face-off versus Frans Nielsen in neutral zone.
0:03 of 2nd period - Off-side.
0:04 of 2nd period - Frans Nielsen wins face-off versus Eric Staal in neutral zone.
0:12 of 2nd period - Wrist shot by David Backes.
0:12 of 2nd period - Shot Misses the Net.
0:14 of 2nd period - Snap shot by Steve Eminger.
0:14 of 2nd period - Shot Misses the Net.
0:16 of 2nd period - Snap shot by David Backes.
0:16 of 2nd period - Stopped by Ryan Miller without a rebound.
0:17 of 2nd period - Frans Nielsen wins face-off versus Eric Staal in Coyotes zone.
0:17 of 2nd period - Frans Nielsen is hit by Alexander Semin.
0:25 of 2nd period - Snap shot by David Backes.
0:25 of 2nd period - Shot Misses the Net.
0:43 of 2nd period - Tyler Ennis is hit by Mark Bell and loses puck.
1:12 of 2nd period - Wrist shot by Sami Kapanen.
1:12 of 2nd period - Stopped by Pekka Rinne without a rebound.
1:13 of 2nd period - Alexander Semin wins face-off versus Frans Nielsen in Flames zone.
1:29 of 2nd period - Wrist shot by Drew Miller.
1:29 of 2nd period - Shot Misses the Net.
1:58 of 2nd period - Steve Eminger is hit by Chad Larose and loses puck.
2:17 of 2nd period - Slapshot by Sami Kapanen.
2:17 of 2nd period - Shot Misses the Net.
2:27 of 2nd period - Backhand shot by Mike Leclerc.
2:27 of 2nd period - Stopped by Ryan Miller without a rebound.
2:28 of 2nd period - Frans Nielsen wins face-off versus Eric Staal in Coyotes zone.
2:41 of 2nd period - Snap shot by Frans Nielsen.
2:41 of 2nd period - Stopped by Pekka Rinne with a rebound.
2:45 of 2nd period - Snap shot by Drew Miller.
2:45 of 2nd period - Stopped by Pekka Rinne with a rebound.
3:04 of 2nd period - Wrist shot by David Backes.
3:04 of 2nd period - Goal by David Backes - Coyotes : 1 - Flames : 2.
3:05 of 2nd period - Tim Connolly wins face-off versus Michal Handzus in neutral zone.
3:16 of 2nd period - Slapshot by Kurt Sauer.
3:16 of 2nd period - Shot Blocked by Erik Johnson.
3:18 of 2nd period - Slapshot by Kurt Sauer.
3:18 of 2nd period - Deflect By Tim Connolly.
3:18 of 2nd period - Shot Misses the Net.
3:18 of 2nd period - Puck is out of play.
3:19 of 2nd period - Eric Staal wins face-off versus Frans Nielsen in Flames zone.
4:15 of 2nd period - Slapshot by Drew Miller.
4:15 of 2nd period - Stopped by Pekka Rinne with a rebound.
4:17 of 2nd period - Slapshot by Kurt Sauer.
4:17 of 2nd period - Stopped by Pekka Rinne without a rebound.
4:18 of 2nd period - Tim Connolly wins face-off versus Eric Staal in Flames zone.
4:19 of 2nd period - Snap shot by Marian Gaborik.
4:19 of 2nd period - Stopped by Pekka Rinne without a rebound.
4:20 of 2nd period - Eric Staal wins face-off versus Tim Connolly in Flames zone.
5:09 of 2nd period - Icing by Jiri Fischer.
5:10 of 2nd period - Eric Staal wins face-off versus Erik Christensen in Coyotes zone.
5:21 of 2nd period - Snap shot by Alexander Semin.
5:21 of 2nd period - Stopped by Ryan Miller with a rebound.
5:27 of 2nd period - Tomas Kaberle is hit by Sami Kapanen and loses puck.
5:36 of 2nd period - Slapshot by Sami Kapanen.
5:36 of 2nd period - Shot Blocked by Erik Johnson.
5:38 of 2nd period - Slapshot by Jiri Fischer.
5:38 of 2nd period - Shot Blocked by Tomas Kaberle.
5:40 of 2nd period - Slapshot by Jiri Fischer.
5:40 of 2nd period - Stopped by Pekka Rinne with a rebound.
5:42 of 2nd period - Slapshot by Jiri Fischer.
5:42 of 2nd period - Stopped by Pekka Rinne without a rebound.
5:43 of 2nd period - Tim Connolly wins face-off versus Michal Handzus in Flames zone.
5:48 of 2nd period - Snap shot by Marian Gaborik.
5:48 of 2nd period - Shot Misses the Net.
6:08 of 2nd period - Steve Eminger is hit by Chad Larose and loses puck.
6:19 of 2nd period - Wrist shot by Chad Larose.
6:19 of 2nd period - Shot Misses the Net.
6:21 of 2nd period - Snap shot by Erik Cole.
6:21 of 2nd period - Shot Misses the Net.
8:23 of 2nd period - Wrist shot by Andy Sutton.
8:23 of 2nd period - Shot Blocked by Erik Johnson.
9:03 of 2nd period - Slapshot by Eric Staal.
9:03 of 2nd period - Stopped by Ryan Miller without a rebound.
9:04 of 2nd period - Tim Connolly wins face-off versus Michal Handzus in Coyotes zone.
9:31 of 2nd period - Alexander Semin is hit by Drew Miller and loses puck.
9:42 of 2nd period - Snap shot by Frans Nielsen.
9:42 of 2nd period - Shot Misses the Net.
10:18 of 2nd period - Jiri Fischer is hit by Branko Radivojevic and loses puck.
10:45 of 2nd period - Off-side.
10:46 of 2nd period - Frans Nielsen wins face-off versus Eric Staal in neutral zone.
10:56 of 2nd period - Slapshot by Alexander Semin.
10:56 of 2nd period - Stopped by Ryan Miller without a rebound.
10:57 of 2nd period - Tim Connolly wins face-off versus Eric Staal in Coyotes zone.
11:02 of 2nd period - Slapshot by Kurt Sauer.
11:02 of 2nd period - Stopped by Pekka Rinne with a rebound.
11:04 of 2nd period - Snap shot by Denis Grebeshkov.
11:04 of 2nd period - Shot Misses the Net.
11:06 of 2nd period - Wrist shot by Tyler Ennis.
11:06 of 2nd period - Shot Misses the Net.
11:39 of 2nd period - Wrist shot by Alexander Semin.
11:39 of 2nd period - Stopped by Ryan Miller with a rebound.
11:41 of 2nd period - Slapshot by Ron Hainsey.
11:41 of 2nd period - Shot Misses the Net.
11:43 of 2nd period - Slapshot by Ron Hainsey.
11:43 of 2nd period - Deflect By David Backes.
11:43 of 2nd period - Shot Misses the Net.
11:43 of 2nd period - Puck is out of play.
11:44 of 2nd period - Michal Handzus wins face-off versus Drew Miller in Coyotes zone.
11:45 of 2nd period - Snap shot by Mark Bell.
11:45 of 2nd period - Shot Blocked by Anton Stralman.
11:55 of 2nd period - Snap shot by Drew Miller.
11:55 of 2nd period - Stopped by Pekka Rinne with a rebound.
12:34 of 2nd period - Off-side.
12:35 of 2nd period - Mikhail Grabovski wins face-off versus Frans Nielsen in neutral zone.
12:38 of 2nd period - Anton Stralman is hit by Derek Meech and loses puck.
13:04 of 2nd period - Slapshot by Ron Hainsey.
13:04 of 2nd period - Shot Hit the Post.
13:06 of 2nd period - Slapshot by Derek Meech.
13:06 of 2nd period - Stopped by Ryan Miller without a rebound.
13:07 of 2nd period - Eric Staal wins face-off versus Tim Connolly in Coyotes zone.
13:18 of 2nd period - Slapshot by Marian Gaborik.
13:18 of 2nd period - Shot Hit the Post.
13:20 of 2nd period - Snap shot by Tyler Ennis.
13:20 of 2nd period - Stopped by Pekka Rinne without a rebound.
13:21 of 2nd period - Tim Connolly wins face-off versus Eric Staal in Flames zone.
13:52 of 2nd period - Slapshot by Chris Stewart.
13:52 of 2nd period - Shot Misses the Net.
13:54 of 2nd period - Slapshot by Denis Grebeshkov.
13:54 of 2nd period - Deflect By Chris Stewart.
13:54 of 2nd period - Shot Blocked by Filip Kuba.
13:54 of 2nd period - Puck is out of play.
13:55 of 2nd period - Eric Staal wins face-off versus Boyd Devereaux in Flames zone.
14:21 of 2nd period - Anton Stralman is hit by Tomas Kaberle.
14:49 of 2nd period - Snap shot by Milan Hejduk.
14:49 of 2nd period - Shot Blocked by Chris Stewart.
14:51 of 2nd period - Slapshot by Tomas Kaberle.
14:51 of 2nd period - Shot Blocked by Drew Miller.
14:53 of 2nd period - Slapshot by Marcel Goc.
14:53 of 2nd period - Stopped by Ryan Miller with a rebound.
14:55 of 2nd period - Slapshot by Tomas Kaberle.
14:55 of 2nd period - Shot Misses the Net.
15:07 of 2nd period - Slapshot by Steve Eminger.
15:07 of 2nd period - Stopped by Ryan Miller with a rebound.
15:09 of 2nd period - Slapshot by Steve Eminger.
15:09 of 2nd period - Shot Misses the Net.
15:11 of 2nd period - Snap shot by Mikhail Grabovski.
15:11 of 2nd period - Stopped by Ryan Miller without a rebound.
15:12 of 2nd period - Tim Connolly wins face-off versus Eric Staal in Coyotes zone.
15:37 of 2nd period - Denis Grebeshkov is hit by Steve Regier and loses puck.
16:34 of 2nd period - Snap shot by Erik Cole.
16:34 of 2nd period - Shot Blocked by Steve Eminger.
16:36 of 2nd period - Minor Penalty to David Backes for Hooking.
16:37 of 2nd period - Tim Connolly wins face-off versus Michal Handzus in Flames zone.
18:36 of 2nd period - Penalty to David Backes is over, David Backes is back on ice.
18:42 of 2nd period - Snap shot by David Backes.
18:42 of 2nd period - Shot Misses the Net.
18:44 of 2nd period - Snap shot by Erik Johnson.
18:44 of 2nd period - Stopped by Ryan Miller with a rebound.
18:50 of 2nd period - Slapshot by Steve Regier.
18:50 of 2nd period - Stopped by Ryan Miller without a rebound.
18:51 of 2nd period - Boyd Devereaux wins face-off versus Marcel Goc in Coyotes zone.
19:40 of 2nd period - Wrist shot by Tim Connolly.
19:40 of 2nd period - Shot Blocked by Steve Eminger.
Goals for this period are 0 for Coyotes vs 1 for Flames.
Shots for this period are 11 for Coyotes vs 13 for Flames.
3rd period
0:01 of 3rd period - Eric Staal wins face-off versus Tim Connolly in neutral zone.
1:28 of 3rd period - Wrist shot by Jordin Tootoo.
1:28 of 3rd period - Shot Misses the Net.
1:30 of 3rd period - Wrist shot by Michal Handzus.
1:30 of 3rd period - Shot Misses the Net.
1:32 of 3rd period - Snap shot by Jordin Tootoo.
1:32 of 3rd period - Stopped by Ryan Miller with a rebound.
1:36 of 3rd period - Wrist shot by Mark Bell.
1:36 of 3rd period - Shot Misses the Net.
2:21 of 3rd period - Minor Penalty to David Backes for Hooking.
2:22 of 3rd period - Tim Connolly wins face-off versus Michal Handzus in Flames zone.
2:38 of 3rd period - Mike Leclerc is hit by Marian Gaborik and loses puck.
3:53 of 3rd period - Eric Staal is hit by Anton Stralman and loses puck.
4:21 of 3rd period - Penalty to David Backes is over, David Backes is back on ice.
4:30 of 3rd period - Denis Grebeshkov is hit by Tomas Kaberle and loses puck.
4:52 of 3rd period - Anton Stralman is hit by Michal Handzus and loses puck.
5:42 of 3rd period - Chris Stewart is hit by Alexander Semin and loses puck.
5:53 of 3rd period - Michal Handzus is hit by Sami Kapanen and loses puck.
6:04 of 3rd period - Kurt Sauer is hit by Marcel Goc and loses puck.
6:39 of 3rd period - Minor Penalty to Mikhail Grabovski for Roughing.
6:40 of 3rd period - Marian Gaborik wins face-off versus Michal Handzus in Flames zone.
6:41 of 3rd period - Snap shot by Tim Connolly.
6:41 of 3rd period - Stopped by Pekka Rinne with a rebound.
6:43 of 3rd period - Slapshot by Brian Rafalski.
6:43 of 3rd period - Shot Misses the Net.
6:45 of 3rd period - Slapshot by Sami Kapanen.
6:45 of 3rd period - Goal by Sami Kapanen - Coyotes : 2 - Flames : 2.
6:46 of 3rd period - Eric Staal wins face-off versus Tim Connolly in neutral zone.
6:59 of 3rd period - Eric Staal is hit by Brian Rafalski and loses puck.
7:24 of 3rd period - Snap shot by Mark Bell.
7:24 of 3rd period - Stopped by Ryan Miller with a rebound.
7:56 of 3rd period - Denis Grebeshkov is hit by Erik Johnson and loses puck.
8:05 of 3rd period - Backhand shot by Kurt Sauer.
8:05 of 3rd period - Shot Misses the Net.
8:19 of 3rd period - Wrist shot by Alexander Semin.
8:19 of 3rd period - Stopped by Ryan Miller with a rebound.
8:21 of 3rd period - Slapshot by David Backes.
8:21 of 3rd period - Stopped by Ryan Miller without a rebound.
8:22 of 3rd period - Tim Connolly wins face-off versus Eric Staal in Coyotes zone.
8:22 of 3rd period - Tim Connolly is hit by David Backes.
8:32 of 3rd period - Slapshot by Tim Connolly.
8:32 of 3rd period - Stopped by Pekka Rinne without a rebound.
8:33 of 3rd period - Tim Connolly wins face-off versus Eric Staal in Flames zone.
8:38 of 3rd period - Slapshot by Tim Connolly.
8:38 of 3rd period - Shot Misses the Net.
8:40 of 3rd period - Slapshot by Kurt Sauer.
8:40 of 3rd period - Shot Misses the Net.
8:42 of 3rd period - Wrist shot by Kurt Sauer.
8:42 of 3rd period - Shot Misses the Net.
8:44 of 3rd period - Slapshot by Tyler Ennis.
8:44 of 3rd period - Goal by Tyler Ennis - Coyotes : 3 - Flames : 2.
8:45 of 3rd period - Tyler Ennis wins face-off versus Eric Staal in neutral zone.
8:48 of 3rd period - Alexander Semin is hit by Marian Gaborik and loses puck.
8:57 of 3rd period - Wrist shot by Eric Staal.
8:57 of 3rd period - Shot Misses the Net.
8:59 of 3rd period - Snap shot by Steve Eminger.
8:59 of 3rd period - Shot Misses the Net.
9:01 of 3rd period - Slapshot by Eric Staal.
9:01 of 3rd period - Shot Blocked by Kurt Sauer.
9:22 of 3rd period - Wrist shot by Milan Hejduk.
9:22 of 3rd period - Shot Misses the Net.
9:24 of 3rd period - Snap shot by Steve Regier.
9:24 of 3rd period - Shot Misses the Net.
9:34 of 3rd period - Michal Handzus is hit by Frans Nielsen and loses puck.
9:59 of 3rd period - Snap shot by David Backes.
9:59 of 3rd period - Stopped by Ryan Miller with a rebound.
10:01 of 3rd period - Wrist shot by Eric Staal.
10:01 of 3rd period - Stopped by Ryan Miller without a rebound.
10:02 of 3rd period - Boyd Devereaux wins face-off versus Eric Staal in Coyotes zone.
11:33 of 3rd period - Wrist shot by Erik Cole.
11:33 of 3rd period - Stopped by Pekka Rinne without a rebound.
11:34 of 3rd period - Michal Handzus wins face-off versus Boyd Devereaux in Flames zone.
11:43 of 3rd period - Off-side.
11:44 of 3rd period - David Backes wins face-off versus Tyler Ennis in neutral zone.
12:00 of 3rd period - Snap shot by David Backes.
12:00 of 3rd period - Shot Misses the Net.
12:20 of 3rd period - Slapshot by Frans Nielsen.
12:20 of 3rd period - Stopped by Pekka Rinne without a rebound.
12:21 of 3rd period - Eric Staal wins face-off versus Boyd Devereaux in Flames zone.
12:37 of 3rd period - Wrist shot by Erik Cole.
12:37 of 3rd period - Deflect By Boyd Devereaux.
12:37 of 3rd period - Stopped by Pekka Rinne with a rebound.
12:53 of 3rd period - Snap shot by Marian Gaborik.
12:53 of 3rd period - Stopped by Pekka Rinne with a rebound.
12:58 of 3rd period - Off-side.
12:59 of 3rd period - Frans Nielsen wins face-off versus Eric Staal in neutral zone.
13:04 of 3rd period - Wrist shot by Drew Miller.
13:04 of 3rd period - Shot Misses the Net.
13:12 of 3rd period - Snap shot by Drew Miller.
13:12 of 3rd period - Deflect By Frans Nielsen.
13:12 of 3rd period - Stopped by Pekka Rinne without a rebound.
13:13 of 3rd period - Michal Handzus wins face-off versus Tim Connolly in Flames zone.
13:13 of 3rd period - Michal Handzus is hit by Marian Gaborik.
13:23 of 3rd period - Minor Penalty to Steve Eminger for Roughing.
13:24 of 3rd period - Michal Handzus wins face-off versus Tim Connolly in Flames zone.
13:59 of 3rd period - Snap shot by Anton Stralman.
13:59 of 3rd period - Shot Hit the Post.
14:41 of 3rd period - Wrist shot by Alexander Semin.
14:41 of 3rd period - Stopped by Ryan Miller with a rebound.
14:43 of 3rd period - Snap shot by Alexander Semin.
14:43 of 3rd period - Deflect By David Backes.
14:43 of 3rd period - Shot Blocked by Tyler Ennis.
14:43 of 3rd period - Puck is out of play.
14:44 of 3rd period - Frans Nielsen wins face-off versus David Backes in Coyotes zone.
14:48 of 3rd period - Off-side.
14:49 of 3rd period - Michal Handzus wins face-off versus Frans Nielsen in neutral zone.
15:02 of 3rd period - Snap shot by Erik Christensen.
15:02 of 3rd period - Deflect By Chris Stewart.
15:02 of 3rd period - Shot Blocked by Derek Meech.
15:02 of 3rd period - Puck is out of play.
15:03 of 3rd period - Michal Handzus wins face-off versus Tyler Ennis in Flames zone.
15:03 of 3rd period - Michal Handzus is hit by Denis Grebeshkov.
15:23 of 3rd period - Penalty to Steve Eminger is over, Steve Eminger is back on ice.
15:41 of 3rd period - Wrist shot by Milan Hejduk.
15:41 of 3rd period - Shot Blocked by Anton Stralman.
15:46 of 3rd period - Icing by Erik Cole.
15:47 of 3rd period - Eric Staal wins face-off versus Boyd Devereaux in Coyotes zone.
15:54 of 3rd period - Snap shot by Alexander Semin.
15:54 of 3rd period - Stopped by Ryan Miller without a rebound.
15:55 of 3rd period - Eric Staal wins face-off versus Erik Christensen in Coyotes zone.
16:04 of 3rd period - Snap shot by Alexander Semin.
16:04 of 3rd period - Stopped by Ryan Miller with a rebound.
16:22 of 3rd period - Icing by Marcel Goc.
16:23 of 3rd period - Marcel Goc wins face-off versus Boyd Devereaux in Flames zone.
16:50 of 3rd period - Wrist shot by Eric Staal.
16:50 of 3rd period - Stopped by Ryan Miller with a rebound.
17:12 of 3rd period - Wrist shot by Michal Handzus.
17:12 of 3rd period - Deflect By Jordin Tootoo.
17:12 of 3rd period - Stopped by Ryan Miller with a rebound.
17:14 of 3rd period - Slapshot by Steve Eminger.
17:14 of 3rd period - Stopped by Ryan Miller without a rebound.
17:15 of 3rd period - Marcel Goc wins face-off versus Tim Connolly in Coyotes zone.
17:26 of 3rd period - Slapshot by Milan Hejduk.
17:26 of 3rd period - Shot Misses the Net.
17:28 of 3rd period - Slapshot by Steve Regier.
17:28 of 3rd period - Shot Misses the Net.
17:30 of 3rd period - Snap shot by Marcel Goc.
17:30 of 3rd period - Shot Blocked by Marian Gaborik.
17:36 of 3rd period - Minor Penalty to Kurt Sauer for Roughing.
17:37 of 3rd period - Eric Staal wins face-off versus Drew Miller in Coyotes zone.
18:26 of 3rd period - Erik Cole is hit by Eric Staal and loses puck.
19:08 of 3rd period - Milan Hejduk is hit by Brian Rafalski.
19:36 of 3rd period - Penalty to Kurt Sauer is over, Kurt Sauer is back on ice.
19:49 of 3rd period - Tyler Ennis is hit by Marcel Goc and loses puck.
Goals for this period are 2 for Coyotes vs 0 for Flames.
Shots for this period are 9 for Coyotes vs 12 for Flames.
Output by the SimonT Hockey Simulator (STHS) for François Prévost -- Original Page W3C XHTML 1.0 Valid